 Dungeon Crawl Stone Soup version 0.27.1-34-g3ba077fa99 (webtiles) character file.

Game seed: 12657411323555110135

18 Delamore the Sneak (level 2, -1/28 HPs)
             Began as an Octopode Brigand on Feb 4, 2022.
             Slain by a goblin (2 damage)
             ... on level 2 of the Dungeon.
             The game lasted 00:00:46 (862 turns).

Delamore the Sneak (Octopode Brigand)                Turns: 862, Time: 00:00:47

Health: -1/28      AC:  1    Str: 10    XL:     2   Next: 70%
Magic:  2/2        EV: 12    Int: 13    God:
Gold:   54         SH:  0    Dex: 13    Spells: 1/1 levels left

rFire    . . .     SeeInvis .   a - +2 dagger
rCold    . . .     Faith    .   (no shield)
rNeg     . . .     Spirit   .   (helmet restricted)
rPois    .         Reflect  .   (no amulet)
rElec    .         Harm     .   (no ring)
rCorr    .         Rampage  .   (no ring)
Will     .....                  (no ring)
Stlth    ..........             (no ring)
HPRegen  0.09/turn              (no ring)
MPRegen  0.08/turn              (no ring)
                                (no ring)
                                (no ring)

@: berserking, very quick
A: almost no armour, amphibious, 8 rings, camouflage 1, gelatinous body 1,
(nimble swimmer 1), tentacles
a: no special abilities


You were on level 2 of the Dungeon.
You visited 1 branch of the dungeon, and saw 2 of its levels.

You collected 54 gold pieces.

Inventory:

Hand Weapons
 a - a +2 dagger (weapon)
Missiles
 b - 8 poisoned darts
 c - 2 curare-tipped darts (quivered)
Scrolls
 f - a scroll of identify {unknown}
Potions
 e - a potion of ambrosia {unknown}


   Skills:
 - Level 2.0 Fighting
 + Level 2.4 Short Blades
 - Level 2.0 Throwing
 - Level 1.0 Dodging
 * Level 6.1 Stealth


You had one spell level left.
You didn't know any spells.
Your spell library contained the following spells:

 Spells                   Type           Power      Damage    Failure   Level
 Corona                   Hex            0%         N/A       30%         1
 Ensorcelled Hibernation  Hex/Ice        0%         N/A       43%         2
 Tukima's Dance           Hex            0%         N/A       67%         3


Dungeon Overview and Level Annotations

Branches:
Dungeon (2/15)

Altars:


Innate Abilities, Weirdness & Mutations

You cannot wear most types of armour.
You are amphibious.
You can wear up to eight rings at the same time.
Your skin changes colour to match your surroundings (Stealth+).
Your rubbery body absorbs attacks. (AC +1, EV +1)
((You are camouflaged near water. (Stealth+)))
You have tentacles for arms and can constrict up to eight enemies at once.


Message History

Found a twisted coral ring and 25 stones.
The helpless Sigmund fails to defend himself.
You impale Sigmund!! Your grab misses Sigmund.
Sigmund is almost dead.
Sigmund barely misses you.
There are monsters nearby!
There are monsters nearby!
You hit Sigmund but do no damage. You grab Sigmund.
Sigmund is almost dead.
You constrict Sigmund. Sigmund casts a spell at you.
You are confused.
You are too confused!
Non-targeted confused throw: 2 darts (curare)
Press: ? - help, Q - select action, (/) - cycle Dir - look around, f - activate
Okay, then.
You're too confused to attack without stumbling around!
You release your grip on Sigmund.
Sigmund barely misses you.
Found a scroll labelled XYVIUR FATAESS.
Sigmund hits you from afar with a +0 scythe!
The goblin closely misses you. Sigmund hits you with a +0 scythe!
* * * LOW HITPOINT WARNING * * *
It was a potion of berserk rage.
A red film seems to cover your vision as you go berserk!
You feel yourself moving faster!
You feel mighty!
You feel less confused.
The frilled lizard hisses angrily.
The goblin closely misses you.
A jackal comes into view.
You barely miss Sigmund. Your grab misses Sigmund.
Sigmund is almost dead.
The goblin hits you with a +0 dagger.
* * * LOW HITPOINT WARNING * * *
Sigmund gestures at you while chanting. The magic dart hits you.
* * * LOW HITPOINT WARNING * * *
You puncture Sigmund!
You kill Sigmund!
The goblin hits you with a +0 dagger.
You die...

#.............#
#.............#
#......<......#
######.............#
#.........##+#######
#.....(...#
#.........#
#.......g.+
#........@#
######...).......
#........=..
#...........
#...........
#...h.l.....
#...........
#.........(?


You could see a jackal, a goblin and a frilled lizard.

Vanquished Creatures
  Sigmund (D:2)
  2 endoplasms
  3 giant cockroaches (D:1)
  2 goblins (D:1)
  4 hobgoblins (D:1)
  2 ball pythons (D:1)
  2 kobolds (D:1)
  A rat (D:1)
17 creatures vanquished.

Notes
Turn   | Place    | Note
-------+----------+-------------------------------------------
     0 | D:1      | Delamore the Octopode Brigand began the quest for the Orb.
     0 | D:1      | Reached XP level 1. HP: 14/14 MP: 1/1
   218 | D:1      | Reached XP level 2. HP: 13/19 MP: 2/2
   525 | D:1      | Reached skill level 6 in Stealth
   844 | D:2      | Noticed Sigmund
   861 | D:2      | HP: 1/28 [Sigmund/magic dart (4)]
   862 | D:2      | Killed Sigmund
   862 | D:2      | Slain by a goblin

Illustrated notes

Levels and vault maps discovered:
D:1:      dpeg_arrival_tiny_i, layout_basic, minivault_24
D:2:      layout_basic, chequers_jeans, corexii_item_surrounded_by_moat,
          uniq_sigmund

Skill      XL: |  1  2 |
---------------+-------+-----
Stealth        | 6 |  6.1
Fighting       | |  2.0
Short Blades   | |  2.4
Throwing       | |  2.0
Dodging        | |  1.0

Action                   || total
-------------------------++-------
Melee: Dagger            ||    31
       Constrict         ||     6
       Tentacles         ||     5
  Use: Potion            ||     1
 Stab: Sleeping          ||     7
Armor: Skin              ||     2
Dodge: Dodged            ||    13
